 Dungeon Crawl Stone Soup version 0.18.1-8-gdd0e5ea (webtiles) character file.

2851 Peloso the Protected (level 9, -6/79 HPs)
             Began as a Minotaur Fighter on June 12, 2016.
             Engulfed by a steam dragon's steam (17 damage)
             ... on level 7 of the Dungeon.
             The game lasted 00:31:57 (7921 turns).

Peloso the Protected (Minotaur Fighter)             Turns: 7921, Time: 00:31:58

Health: -6/79      AC: 12    Str: 21      XL:     9   Next: 46%
Magic:  0/8        EV: 10    Int:  3      God:
Gold:   555        SH: 11    Dex: 12 (13) Spells: 0 memorised, 8 levels left

rFire  x . .     SeeInvis .     a - +1 long sword
rCold  + + .     Gourm    .     r - +0 ice dragon armour
rNeg   . . .     Faith    .     c - +0 shield
rPois  .         Spirit   +     (helmet restricted)
rElec  .         Dismiss  .     (no cloak)
rCorr  +         Reflect  .     (no gloves)
SustAt .         Harm     .     (no boots)
MR     .....                    z - amulet of guardian spirit
Stlth  ..........               B - -2 ring of intelligence (curse)
                                y - ring of resist corrosion

@: drained, not resistant to hostile enchantments, extremely unstealthy
A: retaliatory headbutt, horns 2
a: no special abilities


You were on level 7 of the Dungeon.
You were not hungry.

You visited 2 branches of the dungeon, and saw 8 of its levels.
You also visited: Ossuary.

You collected 555 gold pieces.

Inventory:

Hand Weapons
 a - a +1 long sword (weapon)
 i - a +4 dagger
 s - a +3 short sword
Armour
 c - a +0 shield (worn)
 r - a +0 ice dragon armour (worn)
Jewellery
 y - a ring of resist corrosion (left hand)
 z - an amulet of guardian spirit (around neck)
 B - a cursed -2 ring of intelligence (right hand)
Wands
 b - a wand of digging (5/24)
 n - a wand of random effects (38/48)
Scrolls
 g - 4 scrolls of teleportation
 j - a scroll of random uselessness {unknown}
 k - 2 scrolls of magic mapping
 t - 2 scrolls of enchant weapon
 u - a scroll of remove curse
 A - a scroll of enchant armour {unknown}
 C - a scroll of amnesia
 D - a scroll of noise {unknown}
 E - a scroll of silence {unknown}
Potions
 d - a potion of cure mutation
 e - a potion of agility
 h - 2 potions of resistance
 l - 4 potions of curing
 m - 2 potions of flight
 p - 2 potions of brilliance
 q - 4 potions of ambrosia {unknown}
 w - 3 potions of heal wounds {unknown}
 x - a potion of mutation {unknown}
 G - a potion of cancellation {unknown}
Books
 o - a book of the Tempests

   Spells                             Type                      Level
   a - Static Discharge               Conjuration/Air              3
   b - Lightning Bolt                 Conjuration/Air              5
   c - Fireball                       Conjuration/Fire             5
   d - Tornado                        Air                          9
   e - Shatter                        Earth                        9
Comestibles
 f - 2 bread rations
 v - a meat ration
 F - 3 chunks of flesh


   Skills:
 + Level 7.2(6.9) Fighting
 + Level 7.1(6.8) Long Blades
 + Level 8.6(8.3) Armour
 + Level 5.9(5.6) Dodging
 + Level 1.3(1.0) Stealth
 + Level 8.0(7.7) Shields


You had 8 spell levels left.
You didn't know any spells.

Dungeon Overview and Level Annotations

Branches:
Dungeon (7/15)             Temple (1/1) D:4

Altars:
Ashenzari
Cheibriados
Dithmenos
Elyvilon
Gozag
Kikubaaqudgha
Makhleb
Nemelex Xobeh
Pakellas
Qazlal
Ru
Sif Muna
Vehumet
Xom
Yredelemnul
Zin
The Shining One


Innate Abilities, Weirdness & Mutations

You reflexively headbutt those who attack you in melee.
You have a pair of horns on your head.


Message History

The steam dragon is lightly wounded.
You are engulfed in a cloud of scalding steam.
The steam dragon breathes steam at you. The ball of steam misses you.
Unknown command.
You hit the steam dragon but do no damage.
The steam dragon is lightly wounded.
The steam dragon breathes steam at you. The ball of steam hits you!
The steam scalds you terribly!
Unknown command.
You hit the steam dragon. Your headbutt misses the steam dragon.
The steam dragon is moderately wounded.
You are engulfed in a cloud of scalding steam.
* * * LOW HITPOINT WARNING * * *
The steam dragon barely misses you. The steam dragon completely misses you.
Unknown command.
You slash the steam dragon!
The steam dragon is severely wounded.
You are engulfed in a cloud of scalding steam.
You die...

# #.##.........# # #.
#.##########.# .. #. #.# #.#
#.....# #..##.##.# #.#
#.##### ........... #.# #.#
...........# #.# #.#
............# #.# #.#
...........S######.# #.#
...........rcD@ยง...######.#
...........5######........#
............# #.########
...._...(...# #.#
........H...# #.#
............# #.#
.......$....# #.#
............# #.#
............# #.#


You could see a steam dragon, a water moccasin, a centaur, a crimson imp and a
quokka.

Vanquished Creatures
  Pikel (D:4)
  The ghost of Kloppie the Chopper, an amateur MiBe of Trog (D:4)
  Grinder (D:4)
  An orc warrior (D:4)
  A hippogriff (D:7)
  Menkaure (D:5)
  A sky beast (D:5)
  Duvessa (D:6)
  A phantom (D:4)
  An ogre (D:6)
  Dowan (D:6)
  A crimson imp (D:6)
  2 jellies
  A quasit (D:7)
  7 orc priests
  2 centaur skeletons
  2 hounds
  7 orc wizards
  A giant frog skeleton (D:4)
  5 worker ants
  An iguana (D:5)
  A big kobold zombie (Ossuary)
  A hound zombie (D:5)
  8 mummies (Ossuary)
  2 worker ant zombies (D:5)
  11 adders
  A shadow imp (D:5)
  An adder skeleton (D:5)
  A dart slug (D:4)
  2 worms
  4 giant geckos
  24 orcs
  8 bats
  3 giant cockroaches
  6 goblins
  6 hobgoblins
  11 jackals
  5 quokkas
  3 ball pythons
  2 giant newts
  A gnoll zombie (Ossuary)
  2 goblin zombies (D:6)
  A hobgoblin zombie (Ossuary)
  A jackal zombie (D:6)
  11 kobolds
  A kobold zombie (Ossuary)
  4 orc zombies (Ossuary)
  A rat (D:3)
162 creatures vanquished.

Vanquished Creatures (others)
  3 slaves (D:4)
  A hound (D:4)
  An orc wizard (D:4)
  A dart slug (D:4)
  2 orcs (D:4)
8 creatures vanquished.

Grand Total: 170 creatures vanquished

Notes
Turn   | Place    | Note
--------------------------------------------------------------
     0 | D:1      | Peloso the Minotaur Fighter began the quest for the Orb.
     0 | D:1      | Reached XP level 1. HP: 19/19 MP: 0/0
   245 | D:1      | Reached XP level 2. HP: 27/27 MP: 1/1
  1126 | D:2      | Reached XP level 3. HP: 27/33 MP: 2/2
  1495 | D:2      | Found a faded altar to an unknown god.
  1522 | D:2      | Found a radiant altar of Vehumet.
  1699 | D:3      | Reached skill level 1 in Dodging
  1699 | D:3      | Reached XP level 4. HP: 34/40 MP: 3/3
  2109 | D:3      | Reached XP level 5. HP: 43/47 MP: 4/4
  2228 | D:3      | Reached skill level 5 in Armour
  2698 | D:3      | Reached skill level 5 in Shields
  2698 | D:3      | Reached XP level 6. HP: 21/53 MP: 5/5
  2966 | D:4      | Found a snail-covered altar of Cheibriados.
  2980 | D:4      | Reached skill level 5 in Fighting
  3026 | D:4      | Found a staircase to the Ecumenical Temple.
  3036 | Temple   | Entered the Ecumenical Temple
  3160 | D:4      | Noticed a slave
  3161 | D:4      | Noticed a slave
  3162 | D:4      | Noticed Pikel
  3163 | D:4      | Noticed a slave
  3163 | D:4      | Noticed Kloppie's ghost (amateur MiBe)
  3164 | D:4      | Noticed a slave
  3169 | D:4      | Killed Pikel
  3169 | D:4      | Reached skill level 1 in Stealth
  3169 | D:4      | Reached XP level 7. HP: 52/62 MP: 6/6
  3182 | D:4      | Killed Kloppie's ghost
  3182 | D:4      | Reached skill level 5 in Long Blades
  3182 | D:4      | Reached XP level 8. HP: 13/70 MP: 7/7
  3865 | D:4      | Noticed Grinder
  3874 | D:4      | Paralysed by Grinder for 5 turns
  3884 | D:4      | Paralysed by Grinder for 4 turns
  3892 | D:4      | Paralysed by Grinder for 3 turns
  4398 | D:4      | Found an ancient bone altar of Kikubaaqudgha.
  5074 | D:5      | Entered Level 5 of the Dungeon
  5181 | D:4      | Killed Grinder
  5346 | D:5      | Reached skill level 5 in Dodging
  5680 | D:5      | Noticed Menkaure
  5691 | D:5      | Killed Menkaure
  5822 | D:5      | Reached XP level 9. HP: 74/78 MP: 8/8
  6458 | D:6      | Noticed Dowan
  6459 | D:6      | Noticed Duvessa
  6460 | D:6      | Found a sparkling altar of Nemelex Xobeh.
  6467 | D:6      | Killed Duvessa
  6474 | D:6      | Killed Dowan
  6600 | D:6      | Found a sand-covered staircase.
  6607 | Ossuary  | Entered an ossuary
  7877 | D:7      | Found a stormy altar of Qazlal.
  7921 | D:7      | Engulfed by a steam dragon's steam

Skill      XL: |  1  2  3  4  5  6  7  8  9 |
---------------+----------------------------+-----
Shields        | 4 5 6 7 8 |  8.0
Armour         | 4 5 6 7 8 |  8.6
Fighting       | 4 5 6 7 |  7.2
Dodging        | 1 2 3 4 5 |  5.9
Long Blades    | 3 4 5 6 7 |  7.1
Stealth        | 1 |  1.3

Action                   |  1- 3 |  4- 6 |  7- 9 || total
-------------------------+-------+-------+-------++-------
Melee: Long sword        |   107 |    94 |   303 ||   504
       Headbutt          |    15 |    24 |    72 ||   111
  Use: Potion            |       |     1 |     2 ||     3
       Scroll            |       |       |    13 ||    13
  Eat: Chunk             |     3 |     4 |    16 ||    23
Armor: Scale mail        |    77 |    30 |    31 ||   138
       Chain mail        |       |       |    17 ||    17
       Ice dragon armour |       |       |    93 ||    93
Dodge: Dodged            |    39 |    29 |   128 ||   196
Block: Shield            |    81 |    48 |   201 ||   330
